 Dungeon Crawl Stone Soup version 0.30-a0-553-g7fabdf1491 (webtiles) character file.

Game seed: 17955924230669023950

21 drugrobin the Sneak (level 2, -1/25 HPs)
             Began as a Demigod Delver on Dec 26, 2022.
             Slain by a hound (3 damage)
             ... on level 4 of the Dungeon.
             The game lasted 00:03:05 (1077 turns).

drugrobin the Sneak (Demigod Delver)                Turns: 1077, Time: 00:03:05

Health: -1/25      AC:  4    Str: 13    XL:     2   Next: 48%
Magic:  4/4        EV: 11    Int: 12    God:
Gold:   23         SH:  0    Dex: 15    Spells: 1/1 levels left

rFire   . . .      SeeInvis .    a - +2 short sword (holy)
rCold   . . .      Faith    .    (no shield)
rNeg    . . .      Spirit   .    p - +0 leather armour
rPois   .          Reflect  .    k - +0 helmet
rElec   .          Harm     .    (no cloak)
rCorr   .          Rampage  .    (no gloves)
Will    .....                    (no boots)
Stlth   +++                      (no amulet)
HPRegen 0.24/turn                (no ring)
MPRegen 0.09/turn                (no ring)

@: no status effects
A: high MP 1, forlorn, divine attributes
a: no special abilities


You were on level 4 of the Dungeon.
You visited 1 branch of the dungeon, and saw 2 of its levels.

You collected 23 gold pieces.

Inventory:

Hand Weapons
 a - a +2 short sword of holy wrath (weapon)
 b - a +0 sling
Missiles
 j - 4 boomerangs (quivered)
Armour
 h - a +0 chain mail
 k - a +0 helmet (worn)
 p - a +0 leather armour (worn)
 q - a +1 leather armour of cold resistance
Wands
 f - a wand of digging (3)
 g - a wand of roots (9)
Scrolls
 c - a scroll of magic mapping
 d - a scroll of fear
 m - 3 scrolls of fog
 o - a scroll of identify {unknown}
Potions
 e - 2 potions of haste
 i - a potion of magic {unknown}
 l - a potion of curing {unknown}
 n - a potion of heal wounds {unknown}
 r - a potion of berserk rage {unknown}


   Skills:
 - Level 2.6 Fighting
 - Level 1.7 Dodging
 - Level 4.5 Stealth
 + Level 3.0 Unarmed Combat


You had one spell level left.
You didn't know any spells.
Your spell library contained the following spells:

 Spells                   Type           Power      Damage    Failure   Level
 Freeze                   Ice            0%         1d3       38%         1
 Sandblast                Erth           0%         2d4       38%         1
 Passwall                 Tmut/Erth      0%         N/A       54%         2
 Frozen Ramparts          Ice            0%         1d1       77%         3
 Hailstorm                Conj/Ice       0%         3d3       77%         3
 Stone Arrow              Conj/Erth      0%         3d7       77%         3


Dungeon Overview and Level Annotations

Branches:
Dungeon (5/15)
 Temple: D:4-7

Annotations:
D:4 Menkaure


Innate Abilities, Weirdness & Mutations

You have an increased reservoir of magic. (+10% MP)
You shall have no god before yourself.
Your divine heritage dramatically boosts your attributes as you level up.


Message History

* * * LOW HITPOINT WARNING * * *
Your +2 short sword of holy wrath stops glowing.
b - a +0 sling (weapon)
The hound barely misses you.
You shoot a sling bullet.
The sling bullet closely misses the hound.
The hound bites you.
* * * LOW HITPOINT WARNING * * *
The hound bites you.
* * * LOW HITPOINT WARNING * * *
Unknown command.
Unknown command.
Your +2 short sword of holy wrath softly glows with a divine radiance!
a - a +2 short sword of holy wrath (weapon)
The hound barely misses you.
Unknown command.
Unknown command.
Okay, then.
Unknown command.
You closely miss the hound.
The hound is severely wounded.
The hound completely misses you.
Unknown command.
Unknown command.
You hit the hound but do no damage.
The hound is severely wounded.
The hound bites you.
* * * LOW HITPOINT WARNING * * *
The hound misses you.
Unknown command.
Unknown command.
You hit the hound.
The hound is almost dead.
The hound misses you.
Unknown command.
Unknown command.
You barely miss the hound.
The hound is almost dead.
The hound barely misses you. The hound bites you.
You die...

#.##.g.########.#
## #......# #..#
## #).#.#.# #.##
#. #.#....#.# #.#
#. ......#..#.#
#.# ##
........h..# #.#
## #.#.#.###.##
#.# #. # #
#....†########.#
#.
##........h@...#
##
#.##.########## #
#. #.# # . #.# #
# #.# #.# #.# ..


You could see a hound.

Vanquished Creatures
  An adder (D:4)
  A worm (D:4)
  An orc (D:5)
  A ball python (D:4)
  An endoplasm (D:4)
  3 hobgoblins (D:4)
8 creatures vanquished.

Vanquished Creatures (others)
  10 plants (D:4)
10 creatures vanquished.

Grand Total: 18 creatures vanquished

Notes
Turn   | Place    | Note
-------+----------+-------------------------------------------
     0 | D:5      | drugrobin the Demigod Delver began the quest for the Orb.
     0 | D:5      | Reached XP level 1. HP: 18/18 MP: 3/3
   324 | D:5      | Noticed an iguana
   548 | D:4      | Noticed an orc priest
   700 | D:4      | Noticed Menkaure
   754 | D:4      | Reached XP level 2. HP: 25/25 MP: 4/4
  1077 | D:4      | Slain by a hound

Illustrated notes

Levels and vault maps discovered:
D:4:      layout_loops_ring, serial_forest, infiniplex_forest_zigzag_1,
          infiniplex_forest_clump_medium, infiniplex_forest_side_room,
          infiniplex_forest_straight_2, infiniplex_forest_clump_tiny,
          infiniplex_forest_zigzag_2, grunt_ministairs_8, st_stairs_5,
          uniq_menkaure
D:5:      layout_loops_ring, kennysheep_ying_yang, hex_medium

Skill      XL: |  1  2 |
---------------+-------+-----
Unarmed Combat | 2 3 |  3.0
Fighting       | |  2.6
Dodging        | |  1.7
Stealth        | |  4.5

Action                   || total
-------------------------++-------
Melee: Unarmed           ||     9
       Short sword       ||    38
       Punch             ||     2
 Fire: Sling             ||     3
Throw: Boomerang         ||    16
 Stab: Sleeping          ||     1
Armor: Leather armour    ||     8
Dodge: Dodged            ||    18

Table legend: (Time is in decaauts)
 A = Elapsed time spent in this place.
 B = Non-inter-level travel time spent in this place.
 C = Inter-level travel time spent in this place.
 D = Time resting spent in this place.
 E = Time spent auto-exploring this place.
 F = Levels seen in this place.
 G = Mean time per level.
                   A        B        C        D        E       F      G
               +--------+--------+--------+--------+--------+-----+--------+
         Total |   1079 |    977 |    102 |     96 |    504 |   2 |  539.5 |
       Dungeon |   1079 |    977 |    102 |     96 |    504 |   2 |  539.5 |
               +--------+--------+--------+--------+--------+-----+--------+

Top non-repeatable levels by time:
     D:5: 557 daAuts
     D:4: 521 daAuts
